 Dungeon Crawl Stone Soup version 0.18.1-8-gdd0e5ea (webtiles) character file.

14550 epen the Cleaver (level 12, -3/105 HPs)
             Began as a Hill Orc Fighter on May 21, 2016.
             Was a High Priest of Beogh.
             Killed from afar by a hell hog (41 damage)
             ... with a fireball
             ... on level 1 of the Abyss.
             The game lasted 00:24:53 (13010 turns).

epen the Cleaver (Hill Orc Fighter)                Turns: 13010, Time: 00:24:54

Health: -3/105     AC: 23    Str: 28    XL:     12   Next: 17%
Magic:  17/17      EV: 15    Int:  8    God:    Beogh [*****.]
Gold:   252        SH:  5    Dex: 13    Spells: 0 memorised, 11 levels left

rFire  . . .     SeeInvis .     v - +1 war axe (freeze)
rCold  . . .     Gourm    .     w - +5 scale mail
rNeg   . . .     Faith    .     H - +0 buckler
rPois  +         Spirit   .     W - +3 helmet of the Harvest {+Blink MR- Dex+3}
rElec  .         Dismiss  .     G - +0 cloak
rCorr  .         Reflect  .     V - +0 pair of gloves
SustAt .         Harm     .     B - +0 pair of boots {Fly}
MR     .....                    (no amulet)
Stlth  ..........               r - ring of poison resistance
                                m - +4 ring of strength

@: about to teleport, flying, not resistant to hostile enchantments, extremely
unstealthy
A: walk on water, magic resistance 1, evolution 2, MP-powered wands
a: Smiting, Recall Orcish Followers, Give Item to Named Follower, Renounce
Religion, Evoke Blink, Stop Flying


You were on level 1 of the Abyss.
You worshipped Beogh.
Beogh was extremely pleased with you.
You were not hungry.

You visited 3 branches of the dungeon, and saw 16 of its levels.
You visited the Abyss 1 time.
You also visited: Sewer.

You collected 836 gold pieces.
You spent 584 gold pieces at shops.

Inventory:

Hand Weapons
 v - a +1 war axe of freezing (weapon)
 K - a +0 battleaxe
Missiles
 b - 2 throwing nets (quivered)
Armour
 j - a +2 helmet
 w - a +5 scale mail (worn)
 B - a +0 pair of boots of flying (worn)
 G - a +0 cloak (worn)
 H - a +0 buckler (worn)
 R - the cursed +0 chain mail "Tasarej" {*Contam rPois Dex+2, unknown}
   (You found it on level 1 of the Abyss)

   It affects your dexterity (+2).
   It protects you from poison.
   It causes magical contamination when unequipped.
   It has a curse placed upon it.
 V - a +0 pair of gloves (worn)
 W - the +3 helmet of the Harvest (worn) {+Blink MR- Dex+3}
   (You bought it in a shop on level 11 of the Dungeon)

   It affects your dexterity (+3).
   It affects your resistance to hostile enchantments.
   It lets you blink.
Jewellery
 a - an uncursed ring of positive energy
 h - an uncursed ring of wizardry
 m - a +4 ring of strength (left hand)
 o - an uncursed amulet of guardian spirit
 r - a ring of poison resistance (right hand)
Wands
 y - a wand of lightning (12/15)
 T - a wand of digging (6/24)
 U - a wand of acid (9/15)
 X - a wand of paralysis (24/24)
 Z - a wand of flame (12/48)
Scrolls
 e - 3 scrolls of fear
 g - 2 scrolls of noise
 k - 9 scrolls of remove curse
 l - 5 scrolls of identify
 n - 8 scrolls of teleportation
 t - a scroll of blinking
 u - 2 scrolls of amnesia
 C - a scroll of enchant armour
 D - a scroll of recharging
 F - a scroll of magic mapping
 M - a scroll of enchant weapon
 N - a scroll of fog {unknown}
Potions
 c - 2 potions of agility {unknown}
 d - 6 potions of might
 q - a potion of mutation
 s - 2 potions of ambrosia
 x - 3 potions of lignification
 z - 2 potions of flight
 E - a potion of haste {unknown}
 I - 4 potions of curing
 J - 2 potions of berserk rage {unknown}
 L - 2 potions of heal wounds
 P - a potion of invisibility
 Q - 3 potions of cancellation {unknown}
 Y - a potion of degeneration {unknown}
Books
 O - a book of Minor Magic

   Spells                             Type                      Level
   a - Magic Dart                     Conjuration                  1
   b - Blink                          Translocation                2
   c - Call Imp                       Summoning                    2
   d - Repel Missiles                 Charms/Air                   2
   e - Slow                           Hexes                        2
   f - Conjure Flame                  Conjuration/Fire             3
   g - Mephitic Cloud                 Conjuration/Poison/Air       3
Comestibles
 f - 10 bread rations
 i - 3 slices of pizza
 p - 5 meat rations
 A - 16 fruits


   Skills:
 + Level 9.6 Fighting
 * Level 13.7 Axes
 + Level 9.0 Armour
 * Level 9.1 Dodging
 - Level 3.2 Shields
 * Level 7.7 Invocations


You had 11 spell levels left.
You didn't know any spells.

Dungeon Overview and Level Annotations

Branches:
Dungeon (12/15)            Temple (1/1) D:4            Lair (3/8) D:11
  Swamp: Lair:3-6    Shoals: Lair:3-6     Snake: Lair:3-6    Spider: Lair:3-6
    Orc: D:9-12

Altars:
Ashenzari
Cheibriados
Dithmenos
Elyvilon
Fedhas
Gozag
Kikubaaqudgha
Makhleb
Nemelex Xobeh
Okawaru
Qazlal
Ru
Sif Muna
Trog
Vehumet
Xom
Yredelemnul
Zin
The Shining One

Shops:
D:5 !   D:7 [   D:8 [   D:11 [

Annotations:
D:5 1 runed door
D:11 Nergalle
Lair:3 Sonja


Innate Abilities, Weirdness & Mutations

You can walk on water.
You are resistant to hostile enchantments.
You rapidly evolve.
You expend magic power (3 MP) to strengthen your wands.


Message History

The lurking horror moves out of view.
Found a trident.
You are suddenly pulled into a different region of the Abyss!
Found 19 arrows.
Found a corrupted altar of Lugonu.
A hell hog comes into view.
The hell hog breathes fire at you.
The fireball explodes!
The fireball engulfs you!
Okay, then.
Read which item? (? for menu, Esc to quit)
As you read the scroll of teleportation, it crumbles to dust.
You feel strangely unstable.
You feel the power of the Abyss delaying your translocation!
Unknown command.
The hell hog breathes fire at you.
The fireball explodes!
The fireball engulfs you! The hell hog breathes fire at you.
The fireball explodes!
The fireball engulfs you! The hell hog breathes fire at you.
The fireball explodes!
The fireball engulfs you!
You die...

#....h..#..##.#
#.#..###... .#
..##_## #...#.#
# #. #..##### .h
.# ###....# #
#h#.## #. #...#
. ##..##
#@#....#
.......#.......#
#.#.#.. #..##.#.
..#. ### .#
....# # #.. # #.
#. ## #.


You could see a hell hog.

Vanquished Creatures
  2 hill giants (D:11)
  Pikel (D:4)
  4 spiny frogs
  A merfolk (D:10)
  Grinder (D:5)
  A troll (D:11)
  A two-headed ogre (D:11)
  8 blink frogs (Lair:1)
  6 spriggans (D:6)
  A human (D:5)
  A basilisk (Lair:1)
  A hungry ghost (D:9)
  A hippogriff (Lair:1)
  3 wargs (D:11)
  Duvessa (D:7)
  3 porcupines
  5 water moccasins
  2 ice beasts
  6 sky beasts
  7 orc warriors
  2 phantoms
  4 black bears
  4 ogres
  5 crocodiles
  3 centaurs
  Dowan (D:7)
  9 giant frogs
  7 scorpions
  15 killer bees
  3 crimson imps
  A giant frog zombie (D:9)
  A howler monkey (D:7)
  A quasit (D:8)
  2 centaur zombies
  3 hounds
  A jelly (D:7)
  5 orc priests
  A giant frog skeleton (D:4)
  7 orc wizards
  3 centaur skeletons
  5 iguanas
  10 worker ants
  17 sheep
  2 hound skeletons (D:5)
  A worker ant zombie (D:9)
  3 gnolls (D:3)
  11 adders
  16 river rats
  2 shadow imps
  An ooze (D:2)
  An adder zombie (D:9)
  2 adder skeletons
  A worm (D:5)
  A dart slug (D:4)
  9 giant geckos
  51 orcs
  11 giant cockroaches
  16 goblins
  6 hobgoblins
  4 jackals
  11 kobolds
  4 quokkas
  2 ball pythons (Sewer)
  11 bats
  9 giant newts
  A jackal skeleton (D:6)
  A jackal zombie (D:6)
  A quokka skeleton (D:4)
  8 rats
  A spectral orc (D:3)
353 creatures vanquished.

Vanquished Creatures (collateral kills)
  A gargoyle (D:11)
  A porcupine (Lair:2)
  2 sheep (Lair:2)
  An adder (D:11)
  3 river rats (Lair:2)
  An orc (D:12)
9 creatures vanquished.

Vanquished Creatures (others)
  Nergalle (D:11)
  2 orc warriors
  2 slaves (D:5)
  A giant frog zombie (D:6)
  An orc priest (D:6)
  A hound skeleton (D:6)
  An adder (D:5)
  A giant gecko (D:5)
  6 orcs
  A giant gecko skeleton (D:5)
  A lurking horror (Abyss:1)
18 creatures vanquished.

Grand Total: 380 creatures vanquished

Notes
Turn   | Place    | Note
--------------------------------------------------------------
     0 | D:1      | epen the Hill Orc Fighter began the quest for the Orb.
     0 | D:1      | Reached XP level 1. HP: 19/19 MP: 1/1
    35 | D:1      | Reached skill level 3 in Axes
    56 | D:1      | Reached XP level 2. HP: 26/27 MP: 2/2
   157 | D:1      | Reached skill level 1 in Dodging
   396 | D:1      | Reached XP level 3. HP: 33/33 MP: 1/3
  1409 | D:2      | Reached XP level 4. HP: 40/40 MP: 4/4
  1662 | D:3      | Reached skill level 4 in Axes
  1672 | D:3      | Reached XP level 5. HP: 32/46 MP: 5/5
  1837 | D:3      | Found a glowing drain.
  1842 | Sewer    | Entered a sewer
  2093 | Sewer    | Reached skill level 5 in Axes
  2093 | Sewer    | Reached XP level 6. HP: 6/53 MP: 6/6
  3021 | D:3      | Found a basalt altar of Yredelemnul.
  3340 | D:4      | Reached skill level 6 in Axes
  3360 | D:4      | Found a shadowy altar of Dithmenos.
  3376 | D:4      | Noticed a phantom
  3411 | D:4      | Reached XP level 7. HP: 43/60 MP: 7/7
  3426 | D:4      | Found a staircase to the Ecumenical Temple.
  3613 | Temple   | Entered the Ecumenical Temple
  3750 | D:4      | Reached skill level 5 in Fighting
  4445 | D:5      | Entered Level 5 of the Dungeon
  4445 | D:5      | Noticed Pikel
  4460 | D:4      | Killed Pikel
  4460 | D:4      | Reached skill level 7 in Axes
  4460 | D:4      | Reached skill level 5 in Armour
  4460 | D:4      | Reached XP level 8. HP: 32/69 MP: 8/8
  4617 | D:5      | Found a runed door.
  4631 | D:5      | Found a basalt altar of Yredelemnul.
  4646 | D:5      | Reached skill level 8 in Axes
  4750 | D:5      | Noticed Grinder
  4780 | D:5      | Killed Grinder
  4780 | D:5      | Reached skill level 5 in Dodging
  4818 | D:5      | Found a stormy altar of Qazlal.
  4841 | D:5      | Found a runed door.
  4851 | D:5      | Found a runed door.
  4892 | D:5      | Reached skill level 9 in Axes
  4892 | D:5      | Reached XP level 9. HP: 63/75 MP: 9/9
  5164 | D:5      | You fall through a shaft for 3 floors!
  5164 | D:8      | Found Wopyrr's Armour Boutique.
  5165 | D:8      | Became a worshipper of Beogh the Brigand
  5185 | D:8      | Found a deep blue altar of Sif Muna.
  5224 | D:7      | Noticed Duvessa
  5226 | D:7      | Noticed Dowan
  5252 | D:7      | Killed Duvessa
  5279 | D:7      | Killed Dowan
  6004 | D:6      | Reached skill level 10 in Axes
  6015 | D:6      | Reached * piety under Beogh
  6359 | D:6      | Gained mutation: You evolve. [mutagenic meat]
  6412 | D:6      | Reached XP level 10. HP: 68/86 MP: 10/10
  6459 | D:6      | Reached skill level 11 in Axes
  7267 | D:5      | Found Gotef's Distillery.
  7274 | D:5      | Bought a potion of curing for 36 gold pieces
  7274 | D:5      | Bought a potion of curing for 36 gold pieces
  7274 | D:5      | Bought a potion of curing for 36 gold pieces
  7274 | D:5      | Bought a potion of heal wounds for 60 gold pieces
  7692 | D:7      | Gained mutation: You are resistant to hostile enchantments. [evolution]
  7742 | D:7      | Found Exzar's Armour Shoppe.
  8139 | D:7      | Bought a +0 pair of boots of flying for 149 gold pieces
  8139 | D:7      | Bought a +0 cloak for 58 gold pieces
  8355 | D:8      | Reached ** piety under Beogh
  8864 | D:9      | Reached skill level 1 in Invocations
  9241 | D:10     | Entered Level 10 of the Dungeon
  9348 | D:10     | Reached skill level 12 in Axes
  9427 | D:10     | Reached XP level 11. HP: 83/95 MP: 13/13
  9527 | D:10     | Reached *** piety under Beogh
  9874 | D:11     | Found Ojuthradi's Antique Armour Shoppe.
  9884 | D:11     | Bought a faintly humming helmet for 209 gold pieces
  9894 | D:11     | Identified the +3 helmet of the Harvest {+Blink MR- Dex+3} (You bought it in a shop on level 11 of the Dungeon)
  9907 | D:11     | Noticed a hill giant
  9919 | D:11     | Killed a hill giant
 10052 | D:11     | Noticed a hill giant
 10054 | D:11     | Noticed Nergalle
 10076 | D:11     | Killed a hill giant
 10076 | D:11     | Reached skill level 5 in Invocations
 10077 | D:11     | Gained mutation: You rapidly evolve. [evolution]
 10098 | D:11     | Your ally died
 10290 | D:11     | Found a staircase to the Lair.
 10387 | D:11     | Noticed a five-headed hydra
 10824 | Lair:1   | Entered Level 1 of the Lair of Beasts
 10832 | Lair:1   | Reached skill level 13 in Axes
 11192 | Lair:1   | Reached **** piety under Beogh
 11558 | Lair:1   | Reached XP level 12. HP: 103/105 MP: 17/17
 11798 | D:12     | Gained Rocco as an ally
 12260 | Lair:2   | Gained Harm as an ally
 12353 | Lair:2   | Gained mutation: You expend magic power (3 MP) to strengthen your wands. [evolution]
 12605 | Lair:3   | Noticed Sonja
 12607 | Lair:3   | Reached ***** piety under Beogh
 12628 | Lair:3   | Cast into level 1 of the Abyss (Sonja)
 12645 | Abyss:1  | Got a bloodstained chain mail
 12871 | Abyss:1  | Noticed a wretched star
 12975 | Abyss:1  | Noticed a starcursed mass
 12982 | Abyss:1  | Found a sacrificial altar of Ru.
 12993 | Abyss:1  | Found a corrupted altar of Lugonu.
 12997 | Abyss:1  | Noticed a hell hog
 13010 | Abyss:1  | Killed from afar by a hell hog

Skill      XL: |  1  2  3  4  5  6  7  8  9 10 11 12 |
---------------+-------------------------------------+-----
Axes           | 3 4 5 6 7 9 10 12 13 | 13.7
Dodging        | 1 2 3 4 5 6 7 8 9 |  9.1
Fighting       | 4 5 6 7 8 9 |  9.6
Armour         | 4 5 6 7 8 9 |  9.0
Invocations    | 3 7 |  7.7
Shields        | |  3.2

Action                   |  1- 3 |  4- 6 |  7- 9 | 10-12 || total
-------------------------+-------+-------+-------+-------++-------
Melee: War axe           |   128 |   238 |   324 |   670 ||  1360
Invok: Convert to Beogh  |       |       |     1 |       ||     1
       Recall Orcish Fol |       |       |       |     1 ||     1
  Use: Potion            |       |     1 |     1 |       ||     2
       Scroll            |       |       |       |    23 ||    23
 Stab: Distracted        |       |       |     1 |     2 ||     3
  Eat: Chunk             |     1 |     8 |    11 |    20 ||    40
       Royal jelly       |       |       |       |     1 ||     1
       Meat ration       |       |       |       |     1 ||     1
Armor: Scale mail        |    95 |   138 |   139 |   281 ||   653
Dodge: Dodged            |   103 |   171 |   179 |   403 ||   856
Block: Buckler           |       |       |     4 |   149 ||   153
